 Dungeon Crawl Stone Soup version 0.20.1-1-g8b1a95d (webtiles) character file.

17787 gobwax the Fencer (level 12, -5/104 HPs)
             Began as a Barachi Fighter on July 18, 2017.
             Was the Champion of Cheibriados.
             Killed from afar by Azrael (29 damage)
             ... with a fireball
             ... on level 12 of the Dungeon.
             The game lasted 00:31:40 (12089 turns).

gobwax the Fencer (Barachi Fighter)                Turns: 12089, Time: 00:31:43

Health: -5/104     AC: 49    Str: 43    XL:     12   Next: 51%
Magic:  12/12      EV:  7    Int: 24    God:    Cheibriados [******]
Gold:   436        SH:  0    Dex: 23    Spells: 11/11 levels left

rFire    . . .     SeeInvis +   B - +5 long sword (protect)
rCold    . . .     Gourm    .   (no shield)
rNeg     . . .     Faith    .   O - +11 crystal plate armour of Spite {rCorr Str+2 Dex-3 SInv}
rPois    .         Spirit   .   (no helmet)
rElec    .         Reflect  .   P - +2 cloak
rCorr    +         Harm     .   N - +1 pair of gloves {Str+3}
MR       .....                  I - +0 pair of boots
Stlth    ..........             D - amulet of regeneration
Regen    0.7/turn               (no ring)
MPRegen  0.2/turn               (no ring)

@: liquid flames, protection aura, glowing, drained, very slow
A: +LOS, swims, hooves 1, icy blue scales 1, robust 1, slowness 1, wild magic 1,
strong legs 1
a: Hop, Bend Time, Temporal Distortion, Slouch, Step From Time, Renounce
Religion


You were on level 12 of the Dungeon.
You worshipped Cheibriados.
Cheibriados was exalted by your worship.
You were not hungry.

You visited 2 branches of the dungeon, and saw 13 of its levels.
You also visited: Bailey.

You collected 776 gold pieces.
You spent 340 gold pieces at shops.

Inventory:

Hand Weapons
 a - a +0 long sword
 A - a -2 great sword
 B - a +5 long sword of protection (weapon)
 E - a +1 great sword
 M - the +1 falchion of Xyixkec {venom, Str+2 Stlth+}
   (You found it on level 7 of the Dungeon)

   It poisons the flesh of those it strikes.
   It affects your strength (+2).
   It makes you more stealthy.
Armour
 b - a +0 scale mail
 c - a +0 shield
 i - a +0 pair of boots
 n - a +0 pair of gloves
 p - a +0 plate armour
 q - a +0 helmet
 y - a +0 chain mail
 I - a +0 pair of boots (worn)
 N - a +1 pair of gloves of strength (worn)
 O - the +11 crystal plate armour of Spite (worn) {rCorr Str+2 Dex-3 SInv}
   (You found it in a bailey)

   It affects your strength (+2).
   It affects your dexterity (-3).
   It lets you see invisible.
   It protects you from acid and corrosion.
 P - a +2 cloak (worn)
Jewellery
 D - an amulet of regeneration (around neck)
 S - an uncursed amulet of magic regeneration
Wands
 d - a wand of polymorph (6/24)
 s - a wand of clouds (5/9)
 u - a wand of paralysis (10/24)
 C - a wand of flame (35/48)
 F - a wand of lightning (5/15)
 H - a wand of polymorph (11/24)
 R - a wand of lightning (6/15)
 W - a wand of lightning (5/15)
Scrolls
 e - 2 scrolls of recharging {unknown}
 g - 3 scrolls of remove curse
 j - 17 scrolls of identify {unknown}
 k - 2 scrolls of enchant weapon {unknown}
 l - 6 scrolls of teleportation {unknown}
 m - 2 scrolls of blinking {unknown}
 o - 5 scrolls of amnesia {unknown}
 r - 2 scrolls of random uselessness {unknown}
 v - 3 scrolls of fog {unknown}
 w - 2 scrolls of enchant armour {unknown}
 x - a scroll of fear {unknown}
Potions
 z - a potion of brilliance
 J - a potion of magic {unknown}
 K - 2 potions of curing
 Q - a potion of flight {unknown}
 T - 2 potions of agility {unknown}
 U - 2 potions of cancellation {unknown}
 V - a potion of ambrosia
Books
 t - a book of Minor Magic

   Spells                             Type                      Level
   a - Magic Dart                     Conjuration                  1
   b - Blink                          Translocation                2
   c - Call Imp                       Summoning                    2
   d - Slow                           Hexes                        2
   e - Conjure Flame                  Conjuration/Fire             3
   f - Mephitic Cloud                 Conjuration/Poison/Air       3
 G - a book of Maledictions

   Spells                             Type                      Level
   a - Corona                         Hexes                        1
   b - Ensorcelled Hibernation        Hexes/Ice                    2
   c - Confuse                        Hexes                        3
   d - Tukima's Dance                 Hexes                        3
   e - Dazzling Spray                 Conjuration/Hexes            3
Comestibles
 f - 8 bread rations
 h - 8 meat rations
 L - 12 royal jellies
 X - a chunk of flesh


   Skills:
 + Level 9.1(9.0) Fighting
 - Level 18.0 Long Blades
 * Level 12.1(12.0) Armour
 - Level 3.2 Shields
 - Level 0.2(0.1) Evocations


You had 11 spell levels left.
You didn't know any spells.

Dungeon Overview and Level Annotations

Branches:
Dungeon (12/15)            Temple (1/1) D:5            Lair (0/6) D:11
    Orc (0/2) D:10

Altars:
Cheibriados
Dithmenos
Gozag
Hepliaklqana
Okawaru
Qazlal
Ru
Sif Muna

Shops:
D:11 *

Annotations:
D:12 Azrael


Innate Abilities, Weirdness & Mutations

Shadows flee at your approach. (+LOS)
You can swim through water.
You cover ground slowly.
You can hop short distances.
You have large cloven feet.
You are partially covered in icy blue scales. (AC +2)
You are robust. (+10% HP)
Your spells are a little harder to cast, but a little more powerful.


Message History

Azrael is severely wounded.
Azrael closely misses you.
You hit Azrael.
Azrael is severely wounded.
You hit Azrael.
Azrael is severely wounded.
Azrael gestures at you. The sticky flame hits you!
You are covered in liquid flames!
You slash Azrael!
Azrael is almost dead.
You are covered in liquid flames!
* * * LOW HITPOINT WARNING * * *
You hit Azrael but do no damage.
Azrael is almost dead.
You are covered in liquid flames!
* * * LOW HITPOINT WARNING * * *
Azrael gestures at you.
The fireball explodes!
The fireball engulfs you!
You die...

#. ##.# ##...#
#. ##.....##
#. #......?#
#. #.......#
#.
#.......###.#
#.
#....R..?..#
#. #@# #[##
#####[###.#
#..#
#.........#
##.##
#.#######.#
##.#.## #.#
####.###.###.#
....## ##..#.#
####.###.#.#.#
##.#.##.#.#


You could see Azrael.

Vanquished Creatures
  A hydra (D:11)
  2 two-headed ogres
  4 skeletal warriors (D:12)
  4 orc knights (Bailey)
  2 ugly things (D:11)
  A centaur zombie (D:9)
  The ghost of codl the Skirmisher, an amateur MiBe of Dithmenos (D:4)
  3 trolls
  A hornet (D:10)
  Sigmund (D:2)
  A wraith (D:11)
  4 yaks (D:10)
  5 fire elementals (D:12)
  A hungry ghost (D:7)
  3 vampire mosquitoes (D:12)
  3 wargs (D:11)
  2 soldier ants (D:10)
  A water moccasin (D:5)
  The ghost of Paps the Magician, an amateur DEWz (D:6)
  6 ice beasts
  3 hell hounds (D:12)
  Duvessa (D:7)
  4 orc warriors
  A black bear (D:6)
  2 phantoms
  A sky beast (D:9)
  The ghost of gobwax the Slasher, an amateur BaFi (D:3)
  6 ogres
  4 centaurs
  3 big kobolds
  6 bullfrogs
  2 wyvern zombies
  Dowan (D:7)
  A gnoll sergeant (D:7)
  3 scorpions
  A water moccasin skeleton (D:8)
  A howler monkey (D:6)
  15 wights
  6 crimson imps
  A quasit (D:12)
  2 bullfrog skeletons
  8 jellies
  10 orc priests
  A bullfrog zombie (D:12)
  4 hounds
  A centaur skeleton (D:5)
  A gnoll shaman (D:4)
  5 iguanas
  11 worker ants
  20 orc wizards
  A hound skeleton (D:2)
  3 worker ant zombies (D:11)
  14 gnolls
  17 adders
  A river rat (D:6)
  6 shadow imps
  An ooze (D:2)
  An adder zombie (D:5)
  An adder skeleton (D:10)
  2 worms
  3 dart slugs
  4 leopard geckos
  87 orcs
  12 bats
  10 giant cockroaches
  7 hobgoblins
  11 jackals
  7 quokkas
  A ball python (D:6)
  7 frilled lizards
  A giant cockroach zombie (D:5)
  9 goblins
  25 kobolds
  A leopard gecko skeleton (D:4)
  A quokka skeleton (D:6)
  A quokka zombie (D:7)
  11 rats
418 creatures vanquished.

Notes
Turn   | Place    | Note
-------+----------+-------------------------------------------
     0 | D:1      | gobwax the Barachi Fighter began the quest for the Orb.
     0 | D:1      | Reached XP level 1. HP: 18/18 MP: 1/1
    76 | D:1      | Reached skill level 3 in Long Blades
    85 | D:1      | Reached XP level 2. HP: 21/24 MP: 2/2
   236 | D:1      | Reached skill level 4 in Long Blades
   308 | D:1      | Reached XP level 3. HP: 29/29 MP: 3/3
  1081 | D:2      | Reached skill level 5 in Long Blades
  1183 | D:2      | Reached XP level 4. HP: 35/36 MP: 4/4
  1393 | D:2      | Noticed Sigmund
  1438 | D:2      | Killed Sigmund
  1438 | D:2      | Reached skill level 7 in Long Blades
  1438 | D:2      | Reached XP level 5. HP: 15/41 MP: 5/5
  1438 | D:2      | Reached XP level 6. HP: 18/47 MP: 6/6
  2003 | D:2      | Found a deep blue altar of Sif Muna.
  2417 | D:3      | Reached skill level 8 in Long Blades
  2420 | D:3      | Noticed gobwax's ghost (amateur BaFi)
  2445 | D:3      | Killed gobwax's ghost
  2490 | D:3      | Reached skill level 9 in Long Blades
  2490 | D:3      | Reached XP level 7. HP: 22/52 MP: 7/7
  3212 | D:4      | Noticed codl's ghost (amateur MiBe)
  3248 | D:5      | Entered Level 5 of the Dungeon
  3821 | D:5      | Reached skill level 10 in Long Blades
  3919 | D:5      | Found a staircase to the Ecumenical Temple.
  3933 | Temple   | Entered the Ecumenical Temple
  3940 | Temple   | Became a worshipper of Cheibriados the Contemplative
  3979 | D:5      | Reached XP level 8. HP: 59/59 MP: 8/8
  4025 | D:5      | Reached skill level 11 in Long Blades
  4380 | D:5      | Reached * piety under Cheibriados
  4521 | D:4      | Reached skill level 12 in Long Blades
  4790 | D:4      | Killed codl's ghost
  4790 | D:4      | Reached XP level 9. HP: 30/64 MP: 9/9
  4837 | D:4      | Reached skill level 13 in Long Blades
  5597 | D:6      | Reached ** piety under Cheibriados
  5607 | D:6      | Found a shadowy altar of Dithmenos.
  5741 | D:6      | HP: 2/64 [wight/trident (8)]
  5746 | D:6      | HP: 2/64 [wight/trident (1)]
  6175 | D:6      | Reached skill level 14 in Long Blades
  6375 | D:6      | Reached *** piety under Cheibriados
  6467 | D:6      | Found a sacrificial altar of Ru.
  6603 | D:6      | Noticed Paps's ghost (amateur DEWz)
  6609 | D:6      | Killed Paps's ghost
  6711 | D:7      | Reached skill level 15 in Long Blades
  7038 | D:7      | Reached XP level 10. HP: 44/70 MP: 10/10
  7047 | D:7      | Reached **** piety under Cheibriados
  7670 | D:7      | Noticed Duvessa
  7670 | D:7      | Noticed Dowan
  7675 | D:7      | Killed Duvessa
  7675 | D:7      | Reached skill level 16 in Long Blades
  7681 | D:7      | Killed Dowan
  7732 | D:7      | Got a polished falchion
  7733 | D:7      | Identified the cursed +1 falchion of Xyixkec {venom, Str+2 Stlth+} (You found it on level 7 of the Dungeon)
  8235 | D:7      | Reached ***** piety under Cheibriados
  8670 | D:8      | Found a hazy altar of Hepliaklqana.
  9066 | D:9      | Found a flagged portal.
  9091 | Bailey   | Entered a bailey
  9161 | Bailey   | Noticed an orc knight
  9234 | Bailey   | Noticed an orc knight
  9234 | Bailey   | Noticed an orc knight
  9234 | Bailey   | Noticed an orc knight
  9239 | Bailey   | Killed an orc knight
  9239 | Bailey   | Reached skill level 17 in Long Blades
  9239 | Bailey   | Killed an orc knight
  9255 | Bailey   | Killed an orc knight
  9264 | Bailey   | Killed an orc knight
  9264 | Bailey   | Reached skill level 18 in Long Blades
  9264 | Bailey   | Reached XP level 11. HP: 18/75 MP: 11/11
  9571 | Bailey   | Got a faintly humming crystal plate armour
  9583 | Bailey   | Identified the +11 crystal plate armour of Spite {rCorr Str+2 Dex-3 SInv} (You found it in a bailey)
  9997 | D:9      | Found an opulent altar of Gozag.
  9997 | D:9      | Found a sacrificial altar of Ru.
 10145 | D:9      | Reached skill level 5 in Armour
 10171 | D:10     | Entered Level 10 of the Dungeon
 10481 | D:10     | Noticed a two-headed ogre
 10488 | D:10     | Killed a two-headed ogre
 10557 | D:10     | Reached skill level 5 in Fighting
 10566 | D:10     | Found a staircase to the Orcish Mines.
 10636 | D:10     | Reached ****** piety under Cheibriados
 11095 | D:11     | Noticed a two-headed ogre
 11099 | D:11     | Killed a two-headed ogre
 11107 | D:11     | Found a stormy altar of Qazlal.
 11137 | D:11     | Found a staircase to the Lair.
 11222 | D:11     | Noticed a cyan ugly thing
 11234 | D:11     | Killed a cyan ugly thing
 11238 | D:11     | Gained mutation: Armour fits poorly on your strangely shaped body. [mutagenic meat]
 11249 | D:11     | Noticed a brown ugly thing
 11265 | D:11     | Killed a brown ugly thing
 11265 | D:11     | Reached skill level 10 in Armour
 11315 | D:11     | Lost mutation: Armour fits poorly on your strangely shaped body. [potion of mutation]
 11315 | D:11     | Gained mutation: You tend to lose your temper in combat. [potion of mutation]
 11315 | D:11     | Gained mutation: You have a pair of small horns on your head. [potion of mutation]
 11315 | D:11     | Gained mutation: You occasionally shout uncontrollably at your foes. [potion of mutation]
 11315 | D:11     | Gained mutation: You are partially covered in icy blue scales. (AC +2) [potion of mutation]
 11414 | D:11     | Noticed an eight-headed hydra
 11428 | D:11     | Killed an 11-headed hydra
 11428 | D:11     | Reached XP level 12. HP: 55/91 MP: 9/12
 11472 | D:11     | Found Sucrapta's General Store.
 11481 | D:11     | Bought a scroll of brand weapon for 340 gold pieces
 11673 | D:12     | Lost mutation: You tend to lose your temper in combat. [potion of mutation]
 11673 | D:12     | Lost mutation: You occasionally shout uncontrollably at your foes. [potion of mutation]
 11673 | D:12     | Lost mutation: You have a pair of small horns on your head. [potion of mutation]
 11673 | D:12     | Gained mutation: You are robust. (+10% HP) [potion of mutation]
 11673 | D:12     | Gained mutation: You have large cloven feet. [potion of mutation]
 11673 | D:12     | Gained mutation: Your spells are a little harder to cast, but a little more powerful. [potion of mutation]
 11779 | D:12     | Found an iron altar of Okawaru.
 12050 | D:12     | Noticed Azrael
 12089 | D:12     | Killed from afar by Azrael

Skill      XL: |  1  2  3  4  5  6  7  8  9 10 11 12 |
---------------+-------------------------------------+-----
Long Blades    | 3 4 5 7 9 10 12 15 18 | 18.0
Armour         | 10 12 | 12.1
Fighting       | 7 9 |  9.1
Shields        | |  3.2
Evocations     | |  0.2

Action                   |  1- 3 |  4- 6 |  7- 9 | 10-12 || total
-------------------------+-------+-------+-------+-------++-------
Melee: Long sword        |   104 |   155 |   477 |   590 ||  1326
       Great sword       |       |       |     9 |       ||     9
       Falchion          |       |       |       |    87 ||    87
       Headbutt          |       |       |       |    21 ||    21
Invok: Bend Time         |       |       |       |     2 ||     2
 Abil: Hop               |       |       |     5 |     1 ||     6
Evoke: Wand              |       |       |       |     3 ||     3
  Use: Potion            |       |     2 |     5 |     3 ||    10
       Scroll            |       |       |     1 |     3 ||     4
 Stab: Paralysed         |       |       |       |     3 ||     3
  Eat: Chunk             |     1 |     5 |    11 |    10 ||    27
       Meat ration       |       |       |     1 |       ||     1
Armor: Scale mail        |    67 |    76 |     4 |       ||   147
       Skin              |       |     5 |     2 |     5 ||    12
       Chain mail        |       |       |    72 |       ||    72
       Plate armour      |       |       |   204 |   123 ||   327
       Crystal plate arm |       |       |       |   443 ||   443
Dodge: Dodged            |    48 |    48 |   108 |   232 ||   436
Block: Shield            |    61 |    65 |   136 |       ||   262
       Rpst.: Long sword |     9 |    16 |    32 |    59 ||   116
       Falchion          |       |       |       |     9 ||     9
